Map: Tokamak LE

Players

Geralt (Gerald) - Winner!

  • Race: Protoss Protoss
  • League: Grandmaster
  • Spawn Location: 7:00

Highdra

  • Race: Protoss Protoss
  • League: Master
  • Spawn Location: 1:00

Event: HomeStory Cup XXVII

VOD

Have the link to the VOD?

Description

Time

  • Played on: June 28, 2025, 7:15 a.m.
  • Length: 8:49

All games in this series

Show
View Real Time Build Order
Export as new Build Order

Geralt Protoss - Winner!

Build Orders: Oracle Opening, Blink Stalkers 

Get SALT Encoding   

  12  0:00  Probe  
  13  0:12  Probe  
  14  0:18  Pylon  
  14  0:23  Probe  
  15  0:32  Probe  
  15  0:37  Gateway  
  15  0:40  Probe  
  16  0:47  Assimilator  
  17  0:52  Probe  
  18  0:57  Assimilator  
  18  1:00  Probe  
  18  1:08  Gateway  
  18  1:09  Probe  
  20  1:22  Probe  
  21  1:25  Cybernetics Core  
  21  1:34  Probe  
  22  1:44  Pylon  
  22  1:46  Probe  
  23  2:00  Stalker x2  
  23  2:02  Probe  
  28  2:09  Warp Gate, Pylon  
  28  2:14  Probe  
  29  2:26  Probe  
  29  2:29  Pylon  
  29  2:38  Probe  
  29  2:39  Stargate  
  30  2:52  Nexus  
  30  2:55  Probe  
  31  3:07  Probe, Twilight Council  
  32  3:14  Oracle  
  32  3:16  Shield Battery  
  32  3:19  Probe  
  34  3:33  Blink  
  34  3:38  Probe  
  35  3:41  Pylon  
  35  3:50  Probe  
  36  4:02  Probe, Stalker  
  37  4:11  Stalker  
  37  4:14  Probe x2  
  39  4:26  Probe x2  
  41  4:37  Stalker x2  
  45  4:38  Probe x2  
  47  4:46  Gateway  
  47  4:50  Probe  
  47  4:51  Probe, Assimilator  
  49  5:00  Pylon  
  49  5:01  Stalker  
  49  5:03  Stalker  
  49  5:04  Probe  
  54  5:10  Probe  
  55  5:22  Nexus  
  55  5:25  Oracle, Probe  
  56  5:34  Probe  
  57  5:39  Stalker x2  
  57  5:41  Probe  
  62  5:45  Pylon  
  62  5:54  Probe  
  62  5:55  Probe  
  64  6:06  Probe  
  64  6:07  Gateway, Forge  
  64  6:09  Probe  
  66  6:14  Forge  
  66  6:17  Stalker x3  
  66  6:18  Probe  
  73  6:20  Charge  
  73  6:24  Probe  
  74  6:35  Probe  
  74  6:37  Shield Battery, Probe x2  
  77  6:42  Stalker x2  
  79  6:47  Probe  
  79  6:48  Stalker  
  79  6:49  Probe  
  77  6:57  Probe  
  77  7:00  Probe  
  77  7:09  Stalker x3  
  80  7:17  Probe x3  
  80  7:22  Phoenix  
  82  7:28  Gateway  
  82  7:29  Probe x2  
  84  7:35  Gateway  
  87  7:37  Gateway, Photon Cannon  
  87  7:39  Gateway, Photon Cannon  
  87  7:40  Probe  
  87  7:46  Gateway  
  85  8:05  Stalker x4  
  89  8:10  Shield Battery  
  89  8:11  Probe  
  86  8:25  Stalker  
  86  8:26  Probe  
  83  8:28  Probe  
  83  8:30  Stalker x5  
  83  8:32  Probe  
Show
View Real Time Build Order
Export as new Build Order

Highdra Protoss 

Build Orders:  

Get SALT Encoding   

  12  0:00  Probe  
  13  0:12  Probe  
  14  0:17  Pylon  
  14  0:23  Probe  
  15  0:31  Probe  
  15  0:37  Gateway  
  15  0:39  Probe  
  16  0:46  Assimilator  
  17  0:51  Probe  
  17  0:55  Assimilator  
  18  0:59  Probe  
  19  1:07  Gateway  
  19  1:08  Probe  
  19  1:18  Probe  
  21  1:25  Cybernetics Core  
  21  1:30  Probe  
  22  1:35  Pylon  
  22  1:42  Probe  
  23  1:57  Probe  
  24  2:02  Warp Gate, Sentry  
  24  2:03  Stalker  
  28  2:13  Probe  
  28  2:14  Pylon  
  29  2:24  Pylon  
  29  2:30  Stalker x2  
  33  2:54  Nexus  
  33  3:00  Sentry x2  
  36  3:07  Probe  
  37  3:19  Probe  
  38  3:20  Pylon  
  38  3:22  Robotics Facility  
  38  3:30  Probe  
  39  3:36  Twilight Council  
  39  3:38  Probe  
  39  3:46  Probe  
  41  3:57  Probe  
  42  4:09  Probe x2  
  44  4:15  Warp Prism  
  43  4:17  Probe  
  43  4:18  Probe  
  39  4:25  Probe  
  39  4:26  Probe  
  39  4:27  Resonating Glaives  
  40  4:35  Probe  
  40  4:42  Probe  
  41  4:49  Probe  
  41  4:52  Immortal  
  46  4:54  Probe  
  47  5:01  Probe  
  47  5:06  Probe  
  49  5:14  Probe  
  50  5:18  Probe  
  50  5:19  Adept x2  
  55  5:23  Pylon  
  55  5:26  Probe  
  56  5:29  Probe  
  53  5:37  Immortal, Probe  
  53  5:38  Probe  
  59  5:45  Probe  
  59  5:47  Adept x2  
  64  5:50  Probe  
  64  5:54  Gateway  
  65  5:59  Gateway  
  65  6:03  Gateway  
  61  6:07  Immortal  
  61  6:10  Gateway  
  65  6:29  Adept x2  
  69  6:33  Pylon  
  69  6:35  Pylon  
  61  6:51  Immortal  
  52  6:56  Stalker x3  
  53  7:01  Adept  
  53  7:02  Adept  
  53  7:05  Probe  
  54  7:24  Observer  
  54  7:26  Adept x4  
  54  7:27  Sentry x2  
  67  7:40  Pylon  
  65  7:57  Adept x5  
  69  8:10  Stalker  
  52  8:31  Stalker  
  52  8:32  Stalker  
Tags
 
Add a new tag
Caveats
  • Supply blocks, unpowered buildings, or Contaminate may cause inaccurate times.
  • Supply counts are checked every 10 seconds.